 Dungeon Crawl Stone Soup version 0.22-a0-567-gff9aefc (webtiles) character file.

189 Amnesiac the Sneak (level 5, 0/27 HPs)
             Began as a Spriggan Fighter on June 30, 2018.
             Succumbed to a worker ant's poison
             ... on level 5 of the Dungeon.
             The game lasted 00:04:00 (1907 turns).

Amnesiac the Sneak (Spriggan Fighter)               Turns: 1907, Time: 00:04:00

Health: 0/27       AC:  1    Str: 13    XL:     5   Next: 40%
Magic:  5/5        EV: 19    Int:  9    God:
Gold:   112        SH:  7    Dex: 16    Spells: 4/4 levels left

rFire    . . .     SeeInvis +   a - +0 rapier
rCold    . . .     Gourm    .   c - +1 buckler
rNeg     . . .     Faith    .   b - +0 robe
rPois    .         Spirit   .   (helmet restricted)
rElec    .         Reflect  .   (no cloak)
rCorr    .         Harm     .   (gloves unavailable)
MR       .....                  (boots unavailable)
Stlth    +++.......             (no amulet)
HPRegen  0.09/turn              (no ring)
MPRegen  0.09/turn              (no ring)

@: lethally poisoned (0 -> -10), very quick
A: very small, unfitting armour, antennae 1, see invisible, deformed body,
herbivore, speed 3, low mp 1, slow metabolism 2, evolution 1
a: no special abilities


You were on level 5 of the Dungeon.
You were not hungry.

You visited 1 branch of the dungeon, and saw 5 of its levels.

You collected 112 gold pieces.

Inventory:

Hand Weapons
 a - a +0 rapier (weapon)
Armour
 b - a +0 robe (worn)
 c - a +1 buckler (worn)
Scrolls
 e - a scroll of identify {!r, unknown}
Potions
 d - a potion of might {!q}
Comestibles
 f - 2 rations


   Skills:
 - Level 2.4 Fighting
 * Level 4.5 Short Blades
 - Level 4.4 Dodging
 + Level 4.5 Stealth
 + Level 2.8 Shields


You had 4 spell levels left.
You didn't know any spells.
Your spell library contained the following spells:

 Spells                   Type           Power        Failure   Level  Hunger
 Animate Dead             Necr           N/A          99%         4    #####..
 Pain                     Necr           #...         50%         1    ##.....
 Animate Skeleton         Necr           N/A          50%         1    ##.....
 Vampiric Draining        Necr           #.........   86%         3    ####...
 Regeneration             Chrm/Necr      #.........   86%         3    ####...


Dungeon Overview and Level Annotations

Branches:
Dungeon (5/15)
 Temple: D:4-7

Altars:
Okawaru

Shops:
D:4 [


Innate Abilities, Weirdness & Mutations

You are very small and have problems with some larger weapons.
You are too small for most types of armour.
You have supernaturally acute eyesight. (SInv)
You are a herbivore.
You cover ground extremely quickly.
You need to consume almost no food.
You have a pair of small antennae on your head.
Armour fits poorly on your strangely shaped body.
Your magical capacity is low. (-10% MP)
You evolve.


Message History

You feel sick.
You close the door.
You start resting.
You feel sick. x3
You are no longer poisoned.
You start resting.
HP restored.
You start resting.
The gnoll is too close now for your liking.
You open the door.
There is an open door here.
You start resting.
HP restored.
The worker ant is too close now for your liking.
There is an open door here.
A worker ant is nearby!
The worker ant bites you.
You hit the worker ant.
The worker ant is moderately wounded.
The worker ant misses you.
You hit the worker ant.
The worker ant is moderately wounded.
You block the worker ant's attack.
You hit the worker ant.
The worker ant is severely wounded.
The worker ant misses you.
You barely miss the worker ant.
The worker ant is severely wounded.
The worker ant bites you.
You are poisoned.
The worker ant poisons you!
You hit the worker ant.
The worker ant is severely wounded.
You feel sick. The worker ant bites you.
* * * LOW HITPOINT WARNING * * *
You are more poisoned.
The worker ant poisons you! The worker ant barely misses you.
You closely miss the worker ant.
The worker ant is severely wounded.
You feel sick. The worker ant misses you.
You hit the worker ant.
The worker ant is almost dead.
The worker ant bites you.
* * * LOW HITPOINT WARNING * * *
You are lethally poisoned!
The worker ant poisons you!
You hit the worker ant.
You kill the worker ant!
* * * LOW HITPOINT WARNING * * *
You feel sick.
Okay, then.
* * * LOW HITPOINT WARNING * * *
You feel sick.
* * * LOW HITPOINT WARNING * * *
You feel sick.
* * * LOW HITPOINT WARNING * * *
You feel sick.
* * * LOW HITPOINT WARNING * * *
You feel sick.
* * * LOW HITPOINT WARNING * * *
You feel sick.
* * * LOW HITPOINT WARNING * * *
You feel sick.
You die...

##### #...# ####...#
...'...+ #.##...#
### #
#.##...####.######.#
#.†+...+........@..#
#'##...##.#.###.####
.<.#.†......# #.#
...#......### ###
...#......#
...#).....#
...#......#
...#......#
...#......#


There were no monsters in sight!

Vanquished Creatures
  A slave (D:4)
  A bullfrog skeleton (D:4)
  2 hounds
  A worker ant (D:5)
  A howler monkey zombie (D:5)
  A gnoll (D:4)
  2 adders (D:4)
  A worm (D:3)
  A dart slug (D:1)
  A leopard gecko (D:4)
  2 orcs
  2 giant cockroaches
  A goblin (D:1)
  A hobgoblin (D:3)
  5 jackals (D:1)
  3 quokkas
  A bat (D:3)
  A frilled lizard (D:1)
  4 kobolds
32 creatures vanquished.

Notes
Turn   | Place    | Note
-------+----------+-------------------------------------------
     0 | D:1      | Amnesiac the Spriggan Fighter began the quest for the Orb.
     0 | D:1      | Reached XP level 1. HP: 11/11 MP: 2/2
    48 | D:1      | Reached skill level 1 in Stealth
   113 | D:1      | Reached XP level 2. HP: 16/16 MP: 3/3
   577 | D:4      | Reached XP level 3. HP: 19/19 MP: 4/4
   905 | D:4      | Reached XP level 4. HP: 16/23 MP: 5/5
  1180 | D:4      | Found Jauhupti's Armour Boutique.
  1231 | D:5      | Entered Level 5 of the Dungeon
  1231 | D:5      | Noticed a slave
  1272 | D:5      | Found an iron altar of Okawaru.
  1391 | D:4      | Gained mutation: You have a pair of small antennae on your head. [potion of mutation]
  1391 | D:4      | Gained mutation: Your magical capacity is low. (-10% MP) [potion of mutation]
  1391 | D:4      | Gained mutation: Armour fits poorly on your strangely shaped body. [potion of mutation]
  1391 | D:4      | Gained mutation: You evolve. [potion of mutation]
  1403 | D:4      | Killed a slave
  1672 | D:5      | Reached XP level 5. HP: 27/27 MP: 5/5
  1905 | D:5      | HP: 1/27 [poisoned by a worker ant]
  1907 | D:5      | Succumbed to a worker ant's poison

Vault maps used:
D:1:      dpeg_arrival_houses_and_road
D:3:      first_ration
D:4:      serial_shops, nicolae_shop_behind_doors
D:5:      okawaru_trees_2, uniq_pikel

Skill      XL: |  1  2  3  4 |
---------------+-------------+-----
Stealth        | 2 3 4 |  4.5
Short Blades   | 3 4 |  4.5
Fighting       | |  2.4
Dodging        | |  4.4
Shields        | |  2.8

Action                   |  1- 3 |  4- 6 || total
-------------------------+-------+-------++-------
Melee: Rapier            |    88 |    66 ||   154
  Use: Potion            |     2 |     3 ||     5
       Scroll            |       |     2 ||     2
 Stab: Sleeping          |     2 |     4 ||     6
Armor: Robe              |     5 |     1 ||     6
Dodge: Dodged            |    58 |    46 ||   104
Block: Buckler           |    21 |    19 ||    40

Table legend:
 A = Spawn XP
 B = Non-spawn XP
 C = Spawn XP percentage of total XP
 D = Spawn monster count
 E = Non-spawn monster count
 F = Spawn count percentage of total count
 G = Total turns spent on level
                    A         B        C        D         E        F      G
               +---------+---------+-------+---------+---------+-------+---------
         Total |       0 |     271 |   0.0 |       0 |      31 |   0.0 |  1907
               +---------+---------+-------+---------+---------+-------+---------
           D:1 |       0 |      23 |   0.0 |       0 |      12 |   0.0 |   187
           D:3 |       0 |      15 |   0.0 |       0 |       6 |   0.0 |   306
           D:4 |       0 |     137 |   0.0 |       0 |       9 |   0.0 |   899
           D:5 |       0 |      96 |   0.0 |       0 |       4 |   0.0 |   496
               +---------+---------+-------+---------+---------+-------+---------
